 Dungeon Crawl Stone Soup version 0.23.2-30-g0e89c35649 (webtiles) character file.

Game seed: 14242411900454309179

182 funkygono the Skirmisher (level 5, 0/44 HPs)
             Began as a Formicid Abyssal Knight on June 16, 2019.
             Was a Believer of Lugonu.
             Killed by divine providence
             ... invoked by an orc priest
              (14 damage)
             ... on level 3 of the Dungeon.
             The game lasted 00:07:16 (2709 turns).

funkygono the Skirmisher (Formicid Abyssal Knight)  Turns: 2709, Time: 00:07:16

Health: 0/44       AC:  4    Str: 17    XL:     5   Next: 93%
Magic:  6/6        EV: 11    Int: 12    God:    Lugonu [**....]
Gold:   186        SH:  0    Dex: 10    Spells: 4/4 levels left

rFire    + . .     SeeInvis +   a - +1 mace
rCold    + + .     Gourm    +   (no shield)
rNeg     . . .     Faith    .   b - +0 leather armour
rPois    .         Spirit   .   (helmet unavailable)
rElec    .         Reflect  .   p - scarf {rC+ rF+}
rCorr    .         Harm     .   m - +0 pair of gloves
MR       .....                  (no boots)
Stlth    +.........             d - amulet of the gourmand
HPRegen  0.14/turn              k - ring of protection from cold
MPRegen  0.10/turn              (no ring)

@: no status effects
A: permanent stasis, dig shafts and tunnels, four strong arms, antennae 3,
blurry vision 1, low mp 1
a: Dig, Shaft Self, Depart the Abyss, Bend Space, Renounce Religion


You were on level 3 of the Dungeon.
You worshipped Lugonu.
Lugonu was pleased with you.
You were completely stuffed.

You visited 1 branch of the dungeon, and saw 3 of its levels.
You visited the Abyss 1 time.

You collected 186 gold pieces.

Inventory:

Hand Weapons
 a - a +1 mace (weapon)
 g - a +2 hunting sling of freezing
 q - a +0 hunting sling
Missiles
 f - 44 stones (quivered)
 j - 40 sling bullets
Armour
 b - a +0 leather armour (worn)
 m - a +0 pair of gloves (worn)
 p - a scarf of resistance (worn)
Jewellery
 d - an amulet of the gourmand (around neck)
 k - a ring of protection from cold (left hand)
Scrolls
 e - 2 scrolls of amnesia {unknown}
Potions
 l - a potion of flight
 n - a potion of might {unknown}
Comestibles
 c - 8 rations
 h - 18 chunks of flesh


   Skills:
 * Level 5.0 Fighting
 + Level 3.5 Maces & Flails
 * Level 2.7 Armour
 + Level 1.4 Dodging
 + Level 1.2 Stealth
 + Level 2.3 Invocations


You had 4 spell levels left.
You didn't know any spells.
Your spell library was empty.

Dungeon Overview and Level Annotations

Branches:
Dungeon (3/15)

Altars:
Ashenzari
Cheibriados
Elyvilon
Hepliaklqana
Makhleb
Xom


Innate Abilities, Weirdness & Mutations

You cannot be hasted, slowed, berserked, paralysed or teleported.
You can dig through walls and to a lower floor.
Your four strong arms can wield two-handed weapons with a shield.
You have a pair of large antennae on your head. (SInv)
Scrolls take you a little longer to read.
Your magical capacity is low. (-10% MP)


Message History

The orc barely misses you. The orc closely misses you.
You hit the orc.
The orc is almost dead.
The orc hits you.
You closely miss the orc.
The orc is almost dead.
The orc barely misses you.
You hit the orc.
You kill the orc!
Lugonu accepts your kill.
The orc priest invokes the aid of Beogh against you.
Beogh smites you!
You hear a shout! x2
You see here an adder skeleton.
You completely miss the orc priest.
You hear a shout!
An orc comes into view. It is wielding a +0 falchion.
The orc priest calls down the wrath of Beogh upon you.
Beogh smites you!
You die...

.. #. .. ###. ## .# ...
#.###### .# ##..
#...@o.#####.# #...
#..###...##..# ##.#.
##.#####o##.#####..#. # #
#(#.{......{........ #.#.
#÷#.###....#÷.......
##...##)#.###.####....<...
##.....#...##..####........
#.......#..##{{............
#>..........÷....>..)....w.


You could see an orc priest and an orc.

Vanquished Creatures
  Jessica (D:2)
  5 adders
  2 oozes (D:1)
  2 worms
  2 dart slugs (D:2)
  5 leopard geckos
  3 orcs (D:3)
  4 giant cockroaches
  5 goblins
  9 hobgoblins
  10 jackals
  A ball python (D:1)
  12 bats
  13 frilled lizards
  4 kobolds
  11 rats
89 creatures vanquished.

Notes
Turn   | Place    | Note
-------+----------+-------------------------------------------
     0 | Abyss:1  | funkygono the Formicid Abyssal Knight began the quest for
                  | the Orb.
     0 | Abyss:1  | Reached XP level 1. HP: 18/18 MP: 2/2
    84 | Abyss:1  | Noticed a quasit
    85 | Abyss:1  | Noticed a neqoxec
    96 | Abyss:1  | Gained mutation: Your magical capacity is low. (-10% MP) [a
                  | neqoxec]
    97 | Abyss:1  | Gained mutation: Scrolls take you a little longer to read.
                  | [a neqoxec]
   101 | D:1      | Escaped the Abyss
   177 | D:1      | Reached * piety under Lugonu
   198 | D:1      | Reached XP level 2. HP: 11/25 MP: 3/3
   407 | D:1      | Found a shimmering altar of Xom.
   463 | D:1      | Reached skill level 4 in Fighting
   467 | D:1      | Reached XP level 3. HP: 24/30 MP: 4/4
   584 | D:1      | Reached skill level 1 in Dodging
  1134 | D:1      | Reached XP level 4. HP: 37/38 MP: 5/5
  1263 | D:2      | Reached skill level 1 in Stealth
  1730 | D:2      | Reached ** piety under Lugonu
  1846 | D:2      | Reached XP level 5. HP: 21/43 MP: 6/6
  1847 | D:2      | Noticed Jessica
  1861 | D:2      | Killed Jessica
  2168 | D:2      | Reached skill level 5 in Fighting
  2287 | D:2      | Found a shattered altar of Ashenzari.
  2338 | D:2      | Found a hazy altar of Hepliaklqana.
  2401 | D:2      | Found a white marble altar of Elyvilon.
  2406 | D:2      | Found a burning altar of Makhleb.
  2551 | D:3      | Found a snail-covered altar of Cheibriados.
  2709 | D:3      | Killed from afar by an orc priest

Skill      XL: |  1  2  3  4  5 |
---------------+----------------+-----
Fighting       | 4 5 |  5.0
Dodging        | 1 |  1.4
Stealth        | 1 |  1.2
Maces & Flails | 3 |  3.5
Armour         | |  2.7
Invocations    | |  2.3

Action                   |  1- 3 |  4- 6 || total
-------------------------+-------+-------++-------
Melee: Mace              |    60 |   222 ||   282
Invok: Depart the Abyss  |     1 |       ||     1
  Use: Scroll            |     3 |     5 ||     8
       Potion            |       |     2 ||     2
  Eat: Chunk             |    11 |     6 ||    17
Armor: Leather armour    |    29 |   104 ||   133
Dodge: Dodged            |    59 |   212 ||   271
